[ AOE2 MATCH · #472745334 ]
Team RMFranks vs Saracens
[ REPLAY ANALYSIS · EXTRACTED FROM THE RECORDED GAME ]
Feudal
10:38
Castle
21:38
Imperial
—
| APM avg | 49.4 |
| APM peak | 112 |
| eAPM avg | 21.3 |
| Villagers / military | 66 / 72 |
Focus
⚔️ 28.9% · 🌾 71.1%
Knight ×63 · Scout Cavalry ×9
Feudal
11:18
Castle
17:20
Imperial
—
| APM avg | 33.8 |
| APM peak | 110 |
| eAPM avg | 15.2 |
| Villagers / military | 78 / 28 |
Focus
⚔️ 22.5% · 🌾 77.5%
Mameluke ×20 · Spearman ×7 · Monk ×1
Feudal
9:44
Castle
16:44
Imperial
—
| APM avg | 19.2 |
| APM peak | 45 |
| eAPM avg | 11.4 |
| Villagers / military | 41 / 0 |
Focus
⚔️ 17.6% · 🌾 82.4%
Feudal
10:25
Castle
18:52
Imperial
—
| APM avg | 31.1 |
| APM peak | 74 |
| eAPM avg | 11.1 |
| Villagers / military | 65 / 44 |
Focus
⚔️ 26.9% · 🌾 73.1%
Militia ×21 · Knight ×18 · Battering Ram ×5
Match map
Initial resources + every placement click. Lines = walls · curves = elevation contours. ◆ gold · ⬟ stone · ● berries · ✦ relic · ◌ wall gap
Your base· Open — 1t gap
Hirakou's base· ✓ Closed at 17:20 · 25t walls · 1 gate(s)
Natrus's base· Open — unwalled flank
guilhermevw.eng's base· Open — unwalled flank
Smoothed initial terrain · ◌ = detected wall gap · hover for details
Inputs per minute
— Leon Lima - - Hirakou
Build order — Leon Lima
First 150 of 229 actions detected
| 0:01 | Create | Villager (Male) |
| 0:01 | Create | Villager (Male) |
| 0:01 | Create | Villager (Male) |
| 0:02 | Create | Villager (Male) |
| 0:03 | Build | House |
| 0:05 | Build | House |
| 1:29 | Create | Villager (Male) |
| 1:29 | Create | Villager (Male) |
| 1:55 | Build | Lumber Camp |
| 1:59 | Create | Villager (Male) |
| 1:59 | Create | Villager (Male) |
| 2:20 | Create | Villager (Male) |
| 2:49 | Create | Villager (Male) |
| 3:07 | Create | Villager (Male) |
| 3:07 | Create | Villager (Male) |
| 3:38 | Create | Villager (Male) |
| 4:05 | Build | House |
| 4:06 | Build | House |
| 4:18 | Build | Mill |
| 4:36 | Create | Villager (Male) |
| 4:36 | Create | Villager (Male) |
| 4:37 | Create | Villager (Male) |
| 5:12 | Create | Villager (Male) |
| 5:12 | Create | Villager (Male) |
| 5:12 | Create | Villager (Male) |
| 6:10 | Create | Villager (Male) |
| 6:48 | Create | Villager (Male) |
| 6:50 | Create | Villager (Male) |
| 6:50 | Create | Villager (Male) |
| 7:39 | Research | Loom |
| 8:14 | Research | Feudal Age |
| 9:09 | Build | Barracks |
| 9:13 | Build | House |
| 9:14 | Build | Palisade Wall |
| 9:43 | Create | Villager (Male) |
| 9:43 | Create | Villager (Male) |
| 9:44 | Create | Villager (Male) |
| 10:17 | Build | House |
| 10:38 | Age | Feudal Age |
| 10:40 | Build | Stable |
| 10:42 | Build | House |
| 10:45 | Build | Palisade Wall |
| 10:47 | Build | Palisade Wall |
| 10:52 | Research | Double-Bit Axe |
| 10:56 | Build | House |
| 10:58 | Build | Palisade Wall |
| 11:01 | Build | Palisade Wall |
| 11:02 | Build | Palisade Wall |
| 11:04 | Build | Palisade Wall |
| 11:10 | Build | Farm |
| 11:13 | Build | Farm |
| 11:16 | Build | Farm |
| 11:20 | Build | Farm |
| 11:27 | Create | Villager (Male) |
| 11:27 | Create | Villager (Male) |
| 11:27 | Create | Villager (Male) |
| 11:39 | Create | Scout Cavalry |
| 11:39 | Create | Scout Cavalry |
| 11:40 | Create | Scout Cavalry |
| 11:40 | Create | Scout Cavalry |
| 11:43 | Build | Farm |
| 11:50 | Build | Farm |
| 11:53 | Build | Farm |
| 12:07 | Build | House |
| 12:10 | Build | Palisade Wall |
| 12:15 | Create | Scout Cavalry |
| 12:15 | Create | Scout Cavalry |
| 12:18 | Build | Farm |
| 12:37 | Build | Farm |
| 12:41 | Create | Villager (Male) |
| 12:49 | Build | Farm |
| 12:58 | Build | Farm |
| 13:25 | Create | Villager (Male) |
| 13:26 | Create | Villager (Male) |
| 13:30 | Build | Farm |
| 13:32 | Create | Villager (Male) |
| 13:40 | Build | Farm |
| 14:07 | Create | Scout Cavalry |
| 14:07 | Create | Scout Cavalry |
| 14:07 | Create | Scout Cavalry |
| 14:21 | Create | Villager (Male) |
| 14:30 | Build | Palisade Gate |
| 14:42 | Build | Farm |
| 14:45 | Build | Farm |
| 15:13 | Create | Villager (Male) |
| 15:14 | Create | Villager (Male) |
| 15:18 | Build | Farm |
| 15:38 | Create | Villager (Male) |
| 15:45 | Build | Mining Camp |
| 15:47 | Create | Villager (Male) |
| 15:48 | Create | Villager (Male) |
| 15:48 | Create | Villager (Male) |
| 15:51 | Research | Wheelbarrow |
| 15:55 | Build | Blacksmith |
| 15:58 | Build | Farm |
| 16:05 | Build | Farm |
| 16:06 | Build | Farm |
| 16:07 | Build | Farm |
| 16:08 | Build | Farm |
| 16:08 | Build | Farm |
| 16:09 | Build | Farm |
| 16:10 | Build | Farm |
| 16:11 | Build | Farm |
| 16:24 | Research | Man-at-Arms (upgrade) |
| 16:26 | Build | Farm |
| 18:43 | Research | Castle Age |
| 18:49 | Research | Forging |
| 18:54 | Research | Gold Mining |
| 19:56 | Create | Villager (Male) |
| 19:56 | Create | Villager (Male) |
| 20:02 | Build | Stable |
| 20:05 | Build | Stable |
| 20:11 | Build | Mining Camp |
| 21:38 | Age | Castle Age |
| 21:46 | Research | Husbandry |
| 21:46 | Create | Knight |
| 21:46 | Create | Knight |
| 21:46 | Create | Knight |
| 21:47 | Create | Knight |
| 21:47 | Create | Knight |
| 21:47 | Create | Knight |
| 21:47 | Create | Knight |
| 22:14 | Build | Palisade Wall |
| 22:21 | Build | House |
| 22:23 | Build | House |
| 22:25 | Build | House |
| 22:27 | Build | House |
| 22:29 | Build | House |
| 22:35 | Create | Villager (Male) |
| 22:35 | Create | Villager (Male) |
| 22:35 | Create | Villager (Male) |
| 22:36 | Create | Villager (Male) |
| 22:42 | Build | Lumber Camp |
| 22:45 | Build | Lumber Camp |
| 22:48 | Research | Bow Saw |
| 23:02 | Create | Knight |
| 23:02 | Create | Knight |
| 23:02 | Create | Knight |
| 23:02 | Create | Knight |
| 23:03 | Create | Knight |
| 23:08 | Research | Scale Barding Armor |
| 23:15 | Create | Knight |
| 23:15 | Create | Knight |
| 23:24 | Create | Villager (Male) |
| 23:24 | Create | Villager (Male) |
| 23:24 | Create | Villager (Male) |
| 23:24 | Create | Villager (Male) |
| 23:25 | Create | Villager (Male) |
| 23:25 | Create | Villager (Male) |
| 24:04 | Build | House |
Build order — Hirakou
First 150 of 174 actions detected
| 0:01 | Create | Villager (Male) |
| 0:02 | Create | Villager (Male) |
| 0:02 | Create | Villager (Male) |
| 0:03 | Build | House |
| 0:04 | Build | House |
| 1:01 | Create | Villager (Male) |
| 1:02 | Create | Villager (Male) |
| 1:28 | Create | Villager (Male) |
| 1:28 | Create | Villager (Male) |
| 1:48 | Build | Lumber Camp |
| 2:29 | Create | Villager (Male) |
| 2:29 | Create | Villager (Male) |
| 2:29 | Create | Villager (Male) |
| 3:07 | Create | Villager (Male) |
| 3:08 | Create | Villager (Male) |
| 3:37 | Create | Villager (Male) |
| 3:37 | Create | Villager (Male) |
| 4:02 | Build | House |
| 4:10 | Build | House |
| 4:11 | Build | House |
| 4:34 | Build | Mill |
| 4:47 | Create | Villager (Male) |
| 4:47 | Create | Villager (Male) |
| 4:47 | Create | Villager (Male) |
| 4:47 | Create | Villager (Male) |
| 6:38 | Create | Villager (Male) |
| 6:39 | Create | Villager (Male) |
| 6:39 | Create | Villager (Male) |
| 6:39 | Create | Villager (Male) |
| 6:39 | Create | Villager (Male) |
| 6:40 | Create | Villager (Male) |
| 7:08 | Build | House |
| 7:09 | Build | House |
| 7:13 | Build | Palisade Wall |
| 7:26 | Build | Farm |
| 7:27 | Build | Farm |
| 7:34 | Create | Villager (Male) |
| 7:46 | Create | Villager (Male) |
| 8:22 | Build | Farm |
| 8:52 | Build | Mining Camp |
| 8:58 | Research | Feudal Age |
| 9:35 | Create | Villager (Male) |
| 9:36 | Create | Villager (Male) |
| 10:05 | Build | Palisade Wall |
| 10:11 | Build | Barracks |
| 10:20 | Build | House |
| 11:18 | Age | Feudal Age |
| 11:27 | Build | Market |
| 11:38 | Build | Blacksmith |
| 11:50 | Create | Spearman |
| 11:50 | Create | Spearman |
| 11:50 | Create | Spearman |
| 11:54 | Create | Villager (Male) |
| 11:59 | Research | Loom |
| 12:00 | Create | Villager (Male) |
| 12:00 | Create | Villager (Male) |
| 12:52 | Create | Villager (Male) |
| 13:04 | Build | House |
| 13:06 | Build | Palisade Wall |
| 13:26 | Build | Farm |
| 13:28 | Build | Farm |
| 13:30 | Build | Farm |
| 13:34 | Build | Farm |
| 13:40 | Create | Villager (Male) |
| 14:11 | Build | Mining Camp |
| 14:13 | Create | Villager (Male) |
| 14:40 | Research | Castle Age |
| 15:01 | Build | Palisade Gate |
| 15:17 | Research | Double-Bit Axe |
| 15:20 | Research | Horse Collar |
| 16:30 | Research | Forging |
| 17:19 | Create | Villager (Male) |
| 17:20 | Create | Villager (Male) |
| 17:20 | Age | Castle Age |
| 17:26 | Build | Town Center |
| 18:03 | Build | Town Center |
| 18:30 | Research | Bow Saw |
| 18:46 | Build | Monastery |
| 19:05 | Build | Palisade Gate |
| 19:08 | Create | Villager (Male) |
| 19:08 | Create | Villager (Male) |
| 19:08 | Create | Villager (Male) |
| 19:23 | Create | Villager (Male) |
| 19:24 | Create | Villager (Male) |
| 19:24 | Create | Villager (Male) |
| 19:24 | Create | Villager (Male) |
| 19:33 | Build | Farm |
| 19:35 | Build | Farm |
| 19:38 | Build | Farm |
| 19:40 | Create | Villager (Male) |
| 19:46 | Create | Monk |
| 20:13 | Create | Villager (Male) |
| 20:15 | Create | Villager (Male) |
| 20:22 | Build | Farm |
| 20:26 | Build | Farm |
| 20:28 | Create | Villager (Male) |
| 20:34 | Build | Farm |
| 20:42 | Create | Villager (Male) |
| 20:43 | Create | Villager (Male) |
| 21:08 | Build | Farm |
| 21:09 | Create | Villager (Male) |
| 21:10 | Create | Villager (Male) |
| 21:13 | Create | Villager (Male) |
| 21:23 | Build | Farm |
| 21:31 | Build | Lumber Camp |
| 21:50 | Create | Villager (Male) |
| 21:50 | Create | Villager (Male) |
| 21:53 | Create | Villager (Male) |
| 21:58 | Build | House |
| 21:59 | Build | House |
| 22:00 | Build | House |
| 22:00 | Build | House |
| 22:09 | Build | House |
| 22:16 | Build | House |
| 22:17 | Build | House |
| 22:17 | Build | House |
| 22:20 | Create | Villager (Male) |
| 22:21 | Create | Villager (Male) |
| 22:25 | Create | Villager (Male) |
| 23:05 | Create | Villager (Male) |
| 23:06 | Create | Villager (Male) |
| 23:08 | Create | Villager (Male) |
| 23:17 | Build | Farm |
| 23:17 | Build | Farm |
| 23:18 | Build | Farm |
| 23:18 | Build | Farm |
| 23:18 | Build | Farm |
| 23:19 | Build | Farm |
| 23:19 | Build | Farm |
| 23:44 | Build | Castle |
| 23:55 | Research | Iron Casting |
| 24:11 | Create | Villager (Male) |
| 24:12 | Create | Villager (Male) |
| 24:13 | Create | Villager (Male) |
| 24:13 | Create | Villager (Male) |
| 24:14 | Create | Villager (Male) |
| 24:16 | Create | Villager (Male) |
| 24:20 | Build | Farm |
| 24:22 | Build | Farm |
| 24:24 | Build | Farm |
| 24:29 | Build | Farm |
| 24:33 | Build | Farm |
| 24:38 | Build | Farm |
| 24:41 | Build | Farm |
| 25:43 | Create | Mameluke |
| 25:43 | Create | Mameluke |
| 25:43 | Create | Mameluke |
| 25:44 | Create | Mameluke |
| 25:44 | Create | Mameluke |
| 26:05 | Create | Mameluke |
Build order — Natrus
94 actions detected in the replay
| 0:44 | Create | Villager (Male) |
| 1:15 | Create | Villager (Male) |
| 1:44 | Create | Villager (Male) |
| 1:52 | Build | Lumber Camp |
| 2:22 | Create | Villager (Male) |
| 2:33 | Create | Villager (Male) |
| 3:16 | Create | Villager (Male) |
| 3:45 | Build | House |
| 3:59 | Create | Villager (Male) |
| 4:00 | Create | Villager (Male) |
| 4:09 | Build | House |
| 4:32 | Create | Villager (Male) |
| 4:55 | Build | Mill |
| 5:23 | Create | Villager (Male) |
| 5:23 | Create | Villager (Male) |
| 6:07 | Create | Villager (Male) |
| 6:10 | Create | Villager (Male) |
| 6:22 | Create | Villager (Male) |
| 6:27 | Create | Villager (Male) |
| 6:44 | Build | Mill |
| 7:34 | Research | Feudal Age |
| 8:23 | Create | Villager (Male) |
| 8:24 | Create | Villager (Male) |
| 8:38 | Build | Mining Camp |
| 9:44 | Age | Feudal Age |
| 9:45 | Create | Villager (Male) |
| 9:52 | Build | Market |
| 10:06 | Build | Blacksmith |
| 11:20 | Build | Palisade Wall |
| 11:24 | Build | Palisade Wall |
| 12:03 | Create | Villager (Male) |
| 12:05 | Create | Villager (Male) |
| 12:28 | Build | Farm |
| 12:30 | Build | Farm |
| 13:04 | Build | House |
| 13:23 | Build | Farm |
| 13:25 | Build | Farm |
| 13:28 | Build | Farm |
| 14:01 | Build | Farm |
| 14:04 | Research | Castle Age |
| 14:30 | Research | Loom |
| 15:01 | Build | Farm |
| 15:01 | Build | Farm |
| 15:01 | Build | Farm |
| 15:01 | Build | Farm |
| 15:37 | Build | Mining Camp |
| 15:54 | Build | House |
| 15:56 | Build | House |
| 16:06 | Research | Stone Mining |
| 16:42 | Research | Double-Bit Axe |
| 16:44 | Age | Castle Age |
| 16:45 | Research | Horse Collar |
| 16:50 | Create | Villager (Male) |
| 16:51 | Create | Villager (Male) |
| 16:54 | Build | House |
| 17:13 | Research | Stone Shaft Mining |
| 19:02 | Research | Fletching |
| 19:13 | Build | Palisade Wall |
| 19:18 | Build | Palisade Wall |
| 20:19 | Build | Castle |
| 20:25 | Build | House |
| 20:26 | Build | House |
| 20:28 | Build | House |
| 20:41 | Research | Bow Saw |
| 20:42 | Create | Villager (Male) |
| 20:42 | Create | Villager (Male) |
| 20:43 | Create | Villager (Male) |
| 20:45 | Build | Palisade Wall |
| 20:49 | Build | Palisade Wall |
| 22:04 | Build | Lumber Camp |
| 22:20 | Build | Lumber Camp |
| 22:24 | Create | Villager (Male) |
| 23:08 | Create | Villager (Male) |
| 23:09 | Create | Villager (Male) |
| 23:30 | Build | Farm |
| 23:47 | Research | Heavy Plow |
| 23:53 | Build | Mining Camp |
| 24:07 | Build | Palisade Wall |
| 24:13 | Create | Villager (Male) |
| 24:28 | Create | Villager (Male) |
| 25:35 | Build | Town Center |
| 25:37 | Create | Villager (Male) |
| 25:37 | Create | Villager (Male) |
| 25:38 | Create | Villager (Male) |
| 25:53 | Create | Villager (Male) |
| 25:54 | Create | Villager (Male) |
| 26:26 | Build | Town Center |
| 26:31 | Create | Villager (Male) |
| 26:32 | Create | Villager (Male) |
| 27:00 | Create | Villager (Male) |
| 28:00 | Build | Farm |
| 28:55 | Create | Villager (Male) |
| 28:55 | Create | Villager (Male) |
| 28:55 | Create | Villager (Male) |
Build order — guilhermevw.eng
First 150 of 186 actions detected
| 0:01 | Create | Villager (Male) |
| 0:01 | Create | Villager (Male) |
| 0:01 | Create | Villager (Male) |
| 0:02 | Create | Villager (Male) |
| 0:03 | Build | House |
| 0:06 | Build | House |
| 1:26 | Create | Villager (Male) |
| 1:26 | Create | Villager (Male) |
| 2:27 | Create | Villager (Male) |
| 2:27 | Create | Villager (Male) |
| 2:44 | Create | Villager (Male) |
| 2:45 | Create | Villager (Male) |
| 2:45 | Create | Villager (Male) |
| 3:07 | Build | Lumber Camp |
| 3:28 | Create | Villager (Male) |
| 3:28 | Create | Villager (Male) |
| 4:28 | Create | Villager (Male) |
| 4:28 | Create | Villager (Male) |
| 4:50 | Build | House |
| 4:51 | Build | House |
| 5:14 | Create | Villager (Male) |
| 5:16 | Create | Villager (Male) |
| 6:03 | Create | Villager (Male) |
| 6:03 | Create | Villager (Male) |
| 6:04 | Create | Villager (Male) |
| 6:51 | Build | Barracks |
| 6:57 | Build | House |
| 7:03 | Create | Villager (Male) |
| 7:04 | Create | Villager (Male) |
| 8:04 | Build | Mill |
| 8:15 | Research | Feudal Age |
| 8:30 | Create | Militia |
| 8:30 | Create | Militia |
| 8:30 | Create | Militia |
| 8:31 | Create | Militia |
| 8:58 | Build | Mining Camp |
| 9:15 | Build | House |
| 9:16 | Build | House |
| 10:01 | Build | House |
| 10:05 | Create | Villager (Male) |
| 10:05 | Create | Villager (Male) |
| 10:10 | Research | Loom |
| 10:18 | Create | Villager (Male) |
| 10:19 | Create | Villager (Male) |
| 10:25 | Age | Feudal Age |
| 10:30 | Build | Palisade Wall |
| 10:33 | Research | Man-at-Arms (upgrade) |
| 10:43 | Build | Farm |
| 10:44 | Build | Farm |
| 10:45 | Build | Farm |
| 10:48 | Build | Farm |
| 10:49 | Build | Farm |
| 10:50 | Build | Farm |
| 11:05 | Create | Villager (Male) |
| 11:52 | Create | Villager (Male) |
| 11:52 | Create | Villager (Male) |
| 11:52 | Create | Villager (Male) |
| 11:53 | Create | Villager (Male) |
| 12:23 | Build | Farm |
| 12:24 | Build | Farm |
| 12:24 | Build | Farm |
| 12:24 | Build | Farm |
| 12:27 | Build | Farm |
| 12:27 | Build | Farm |
| 12:29 | Research | Loom |
| 12:32 | Create | Villager (Male) |
| 12:32 | Create | Villager (Male) |
| 12:35 | Create | Villager (Male) |
| 12:36 | Create | Villager (Male) |
| 12:38 | Create | Villager (Male) |
| 12:38 | Create | Villager (Male) |
| 12:53 | Build | Farm |
| 13:13 | Research | Double-Bit Axe |
| 13:52 | Build | Blacksmith |
| 14:32 | Create | Villager (Male) |
| 14:32 | Create | Villager (Male) |
| 14:59 | Build | Stable |
| 15:25 | Build | Farm |
| 15:55 | Build | Farm |
| 16:12 | Research | Castle Age |
| 16:20 | Build | Lumber Camp |
| 16:30 | Build | Farm |
| 17:18 | Build | Stable |
| 17:42 | Research | Gold Mining |
| 17:46 | Research | Scale Barding Armor |
| 17:49 | Research | Bloodlines |
| 18:13 | Build | Farm |
| 18:39 | Build | Farm |
| 18:43 | Build | Farm |
| 18:47 | Build | Farm |
| 18:52 | Age | Castle Age |
| 18:54 | Research | Chain Barding Armor |
| 18:56 | Create | Knight |
| 19:05 | Build | Farm |
| 19:10 | Create | Villager (Male) |
| 19:49 | Create | Villager (Male) |
| 19:51 | Create | Knight |
| 19:51 | Create | Knight |
| 19:52 | Create | Knight |
| 19:58 | Create | Villager (Male) |
| 20:13 | Create | Knight |
| 20:29 | Create | Villager (Male) |
| 21:19 | Create | Villager (Male) |
| 21:21 | Create | Knight |
| 21:21 | Create | Knight |
| 21:25 | Build | House |
| 21:33 | Research | Bow Saw |
| 21:34 | Create | Villager (Male) |
| 21:38 | Create | Knight |
| 21:46 | Create | Knight |
| 21:59 | Build | House |
| 22:25 | Create | Villager (Male) |
| 22:26 | Create | Knight |
| 22:26 | Create | Knight |
| 22:35 | Build | House |
| 22:43 | Build | House |
| 22:46 | Build | House |
| 22:49 | Build | House |
| 23:01 | Create | Knight |
| 23:06 | Research | Forging |
| 23:11 | Create | Knight |
| 23:12 | Create | Villager (Male) |
| 23:15 | Build | Farm |
| 23:17 | Build | Farm |
| 23:24 | Create | Villager (Male) |
| 23:29 | Build | House |
| 23:36 | Create | Knight |
| 23:49 | Build | Farm |
| 23:54 | Build | Farm |
| 24:08 | Create | Villager (Male) |
| 24:08 | Create | Villager (Male) |
| 24:11 | Create | Knight |
| 24:11 | Create | Knight |
| 24:16 | Build | Farm |
| 24:18 | Build | Farm |
| 24:25 | Build | House |
| 24:27 | Build | House |
| 24:35 | Create | Knight |
| 24:36 | Create | Knight |
| 24:45 | Create | Villager (Male) |
| 24:49 | Build | Farm |
| 25:03 | Build | Farm |
| 25:12 | Create | Villager (Male) |
| 25:28 | Research | Iron Casting |
| 25:54 | Build | Siege Workshop |
| 25:57 | Create | Villager (Male) |
| 25:57 | Create | Villager (Male) |
| 25:57 | Create | Villager (Male) |
| 26:25 | Create | Villager (Male) |
| 28:08 | Create | Battering Ram |
Match timeline
| 6:51 | guilhermevw.eng · first_building Barracks |
| 7:13 | Hirakou · wall_segment Palisade Wall x13 |
| 9:09 | Leon Lima · first_building Barracks |
| 9:14 | Leon Lima · wall_segment Palisade Wall x1 |
| 9:44 | Natrus · age_up feudal |
| 10:05 | Hirakou · wall_segment Palisade Wall x1 |
| 10:11 | Hirakou · first_building Barracks |
| 10:25 | guilhermevw.eng · age_up feudal |
| 10:30 | guilhermevw.eng · wall_segment Palisade Wall x5 |
| 10:38 | Leon Lima · age_up feudal |
| 10:40 | Leon Lima · first_building Stable |
| 10:45 | Leon Lima · wall_segment Palisade Wall x8 |
| 10:47 | Leon Lima · wall_segment Palisade Wall x4 |
| 10:58 | Leon Lima · wall_segment Palisade Wall x5 |
| 11:01 | Leon Lima · wall_segment Palisade Wall x14 |
| 11:02 | Leon Lima · wall_segment Palisade Wall x1 |
| 11:04 | Leon Lima · wall_segment Palisade Wall x3 |
| 11:18 | Hirakou · age_up feudal |
| 11:20 | Natrus · wall_segment Palisade Wall x6 |
| 11:24 | Natrus · wall_segment Palisade Wall x4 |
| 12:10 | Leon Lima · wall_segment Palisade Wall x7 |
| 13:06 | Hirakou · wall_segment Palisade Wall x11 |
| 14:27 | Hirakou · first_market_sell 100 wood |
| 14:31 | Hirakou · first_market_buy 100 food |
| 14:59 | guilhermevw.eng · first_building Stable |
| 16:44 | Natrus · age_up castle |
| 17:20 | Hirakou · age_up castle |
| 18:46 | Hirakou · first_building Monastery |
| 18:52 | guilhermevw.eng · age_up castle |
| 18:57 | Hirakou · tribute_sent a jugador 2 |
| 18:57 | Hirakou · tribute_sent a jugador 3 |
| 18:57 | Hirakou · tribute_sent a jugador 4 |
| 19:13 | Natrus · wall_segment Palisade Wall x5 |
| 19:18 | Natrus · wall_segment Palisade Wall x3 |
| 20:19 | Natrus · first_building Castle |
| 20:45 | Natrus · wall_segment Palisade Wall x1 |
| 20:49 | Natrus · wall_segment Palisade Wall x2 |
| 21:38 | Leon Lima · age_up castle |
| 22:14 | Leon Lima · wall_segment Palisade Wall x1 |
| 23:39 | Natrus · first_market_sell 100 wood |
| 23:44 | Hirakou · first_building Castle |
| 23:45 | Natrus · first_market_buy 100 food |
| 24:07 | Natrus · wall_segment Palisade Wall x11 |
| 25:54 | guilhermevw.eng · first_building Siege Workshop |
| 29:35 | Leon Lima · first_market_sell 100 wood |
| 29:52 | Natrus · resign |
[ AI ANALYSIS · 1 CREDIT ]
What really happened in this match?
Wolo.gg analyzes every decision: build order, eco, micro, common mistakes by bracket. Personalized analysis on WhatsApp or Discord in 30 seconds.
Civ guide
Franks
Map guide
Arabia
Perfil
Jugador #10564446